Map: [ESL] Data-C

Players

NightMare - Winner!

  • Race: Protoss Protoss
  • League: Master
  • Spawn Location: 3:00

trigger

  • Race: Protoss Protoss
  • League: Master
  • Spawn Location: 9:00

Event: TSL 9

VOD

Have the link to the VOD?

Description

Time

  • Played on: July 31, 2022, 10:23 a.m.
  • Length: 9:39

All games in this series

Show
View Real Time Build Order
Export as new Build Order

NightMare Protoss - Winner!

Build Orders: Phoenix Opening, Mass Phoenix 

Get SALT Encoding   

  12  0:00  Probe  
  13  0:12  Probe  
  14  0:19  Pylon  
  14  0:24  Probe  
  15  0:37  Probe (Chrono Boost)  
  15  0:40  Gateway  
  16  0:47  Probe (Chrono Boost)  
  16  0:48  Assimilator  
  17  0:52  Probe (Chrono Boost)  
  18  0:59  Assimilator  
  18  1:04  Probe (Chrono Boost)  
  19  1:07  Pylon  
  19  1:13  Probe (Chrono Boost)  
  20  1:18  Probe (Chrono Boost)  
  21  1:29  Cybernetics Core  
  21  1:30  Probe  
  22  1:33  Zealot  
  24  1:42  Probe  
  25  1:54  Probe  
  25  1:59  Pylon  
  26  2:06  Stalker  
  26  2:07  Stargate  
  28  2:24  Pylon  
  28  2:41  Pylon  
  27  2:44  Nexus  
  27  2:50  Phoenix (Chrono Boost)  
  29  2:52  Warp Gate  
  29  2:58  Shield Battery  
  29  3:00  Probe  
  30  3:08  Shield Battery  
  30  3:19  Phoenix (Chrono Boost)  
  33  3:23  Probe  
  33  3:35  Phoenix (Chrono Boost), Probe  
  36  3:47  Probe  
  37  3:53  Assimilator  
  37  3:57  Probe  
  37  3:59  Phoenix (Chrono Boost), Probe  
  41  4:04  Stargate  
  41  4:09  Probe  
  42  4:11  Probe  
  42  4:16  Phoenix  
  43  4:21  Probe  
  43  4:23  Probe  
  47  4:29  Pylon  
  47  4:34  Probe  
  47  4:35  Probe  
  49  4:41  Phoenix (Chrono Boost)  
  51  4:46  Probe  
  51  4:47  Probe, Assimilator  
  55  4:55  Phoenix (Chrono Boost)  
  55  4:59  Probe  
  57  5:00  Probe  
  57  5:04  Phoenix  
  59  5:10  Pylon  
  59  5:14  Probe x2  
  61  5:22  Robotics Facility  
  61  5:28  Shield Battery, Phoenix  
  63  5:30  Probe x2  
  65  5:36  Phoenix  
  67  5:43  Probe x2  
  67  5:44  Pylon  
  69  5:53  Gateway  
  69  5:55  Gateway  
  69  6:01  Pylon  
  69  6:03  Sentry  
  71  6:04  Probe x2  
  71  6:08  Gateway  
  73  6:14  Observer (Chrono Boost)  
  74  6:29  Stalker  
  76  6:33  Gateway x2  
  76  6:35  Twilight Council  
  76  6:37  Immortal  
  80  6:42  Pylon  
  78  6:59  Stalker x3  
  82  7:06  Stalker  
  82  7:08  Pylon  
  84  7:09  Pylon  
  84  7:14  Immortal (Chrono Boost)  
  84  7:18  Blink (Chrono Boost)  
  88  7:27  Nexus  
  86  7:30  Pylon  
  86  7:38  Stalker x2  
  90  7:46  Stalker x2  
  94  7:53  Shield Battery  
  94  7:58  Stalker  
  94  7:59  Stalker  
  94  8:05  Stalker x2  
  102  8:08  Pylon  
  102  8:11  Observer  
  102  8:18  Pylon  
  102  8:19  Stalker  
  104  8:20  Stalker  
  106  8:27  Stalker  
  106  8:28  Stalker  
  106  8:30  Observer  
  106  8:33  Shield Battery  
  110  8:35  Observer (Chrono Boost)  
  111  8:44  Stalker x3  
  115  8:49  Stalker  
  115  8:54  Stalker  
  119  8:59  Stalker  
  121  9:08  Stalker x3  
  123  9:26  Stalker x3  
Show
View Real Time Build Order
Export as new Build Order

trigger Protoss 

Build Orders: Phoenix Opening, Zealot Archon 

Get SALT Encoding   

  12  0:00  Probe  
  13  0:12  Probe  
  14  0:17  Pylon  
  14  0:24  Probe (Chrono Boost)  
  15  0:36  Probe (Chrono Boost)  
  15  0:38  Gateway  
  16  0:45  Probe (Chrono Boost)  
  16  0:46  Assimilator  
  17  0:51  Probe  
  18  1:03  Probe (Chrono Boost)  
  19  1:05  Assimilator  
  19  1:06  Pylon  
  19  1:12  Probe (Chrono Boost)  
  19  1:17  Probe (Chrono Boost)  
  21  1:27  Cybernetics Core  
  21  1:29  Probe  
  21  1:31  Zealot  
  24  1:41  Probe  
  25  1:53  Probe  
  26  2:04  Stargate  
  26  2:05  Adept  
  28  2:17  Probe  
  29  2:26  Warp Gate  
  29  2:27  Pylon  
  30  2:34  Pylon  
  29  2:41  Nexus  
  28  2:49  Phoenix (Chrono Boost)  
  30  2:53  Probe  
  31  3:05  Probe  
  31  3:06  Phoenix (Chrono Boost)  
  34  3:18  Probe  
  33  3:26  Phoenix (Chrono Boost)  
  35  3:30  Probe  
  35  3:31  Shield Battery  
  36  3:42  Probe  
  36  3:45  Phoenix (Chrono Boost)  
  39  3:53  Probe  
  39  3:54  Probe  
  41  4:01  Twilight Council  
  41  4:04  Phoenix (Chrono Boost)  
  41  4:05  Probe  
  41  4:06  Probe  
  41  4:09  Assimilator  
  45  4:17  Probe  
  45  4:19  Probe  
  45  4:23  Gateway  
  47  4:29  Probe  
  48  4:31  Probe, Pylon  
  48  4:33  Stalker  
  51  4:41  Probe  
  51  4:43  Dark Shrine  
  52  4:46  Probe  
  53  4:53  Pylon  
  53  4:58  Shield Battery  
  53  4:59  Stalker  
  56  5:05  Probe  
  56  5:08  Probe  
  56  5:12  Assimilator  
  56  5:13  Gateway  
  57  5:17  Shield Battery  
  57  5:19  Stalker  
  57  5:22  Probe  
  57  5:25  Blink (Chrono Boost)  
  58  5:34  Probe, Stalker  
  58  5:35  Probe  
  62  5:43  Pylon  
  62  5:47  Probe x2  
  64  5:55  Dark Templar  
  66  5:59  Dark Templar, Probe, Pylon  
  66  6:01  Gateway  
  69  6:07  Dark Templar  
  69  6:12  Probe x2  
  64  6:24  Probe (Chrono Boost)  
  60  6:27  Probe (Chrono Boost)  
  60  6:34  Probe (Chrono Boost)  
  60  6:36  Probe (Chrono Boost)  
  60  6:38  Dark Templar  
  60  6:39  Archon  
  62  6:40  Probe (Chrono Boost)  
  62  6:43  Dark Templar  
  59  6:50  Stalker  
  59  6:51  Probe (Chrono Boost)  
  59  6:53  Probe (Chrono Boost)  
  58  6:59  Archon, Probe  
  54  7:04  Probe  
  53  7:11  Probe  
  53  7:13  Stalker x2  
  56  7:17  Probe (Chrono Boost)  
  56  7:19  Stalker  
  57  7:23  Probe (Chrono Boost)  
  59  7:33  Stalker  
  59  7:34  Probe x2 (Chrono Boost)  
  62  7:41  Probe (Chrono Boost), Stalker x2  
  67  7:45  Stalker  
  67  7:47  Probe  
  67  7:51  Nexus  
  67  7:55  Probe, Pylon  
  68  7:59  Stalker  
  68  8:04  Probe  
  71  8:07  Probe  
  68  8:12  Forge  
  68  8:16  Probe (Chrono Boost)  
  68  8:18  Stalker x2  
  68  8:19  Pylon  
  73  8:21  Stalker  
  73  8:23  Probe (Chrono Boost)  
  74  8:34  Probe x2 (Chrono Boost)  
  74  8:40  Probe (Chrono Boost)  
  75  8:44  Probe  
  75  8:45  Shield Battery  
  74  8:50  Shield Battery  
  74  8:52  Sentry, Probe (Chrono Boost)  
  74  8:54  Shield Battery  
  77  8:56  Sentry  
  77  9:01  Probe (Chrono Boost)  
  81  9:03  Photon Cannon  
  81  9:04  Probe (Chrono Boost)  
  81  9:09  Probe (Chrono Boost)  
  81  9:10  Probe (Chrono Boost)  
  81  9:11  Stalker  
  81  9:15  Stalker  
  85  9:19  Stalker  
  74  9:24  Stalker  
Tags
 
Add a new tag
Caveats
  • Supply blocks, unpowered buildings, or Contaminate may cause inaccurate times.
  • Supply counts are checked every 10 seconds.